 Dungeon Crawl Stone Soup version 0.21-a0-150-gc243083 (webtiles) character file.

4 drasked the Covered (level 1, 0/16 HPs)
             Began as a Gnoll Wanderer on July 26, 2017.
             Slain by a hobgoblin
             ... wielding a +0 club
              (4 damage)
             ... on level 1 of the Dungeon.
             The game lasted 00:01:31 (206 turns).

drasked the Covered (Gnoll Wanderer)                 Turns: 206, Time: 00:01:32

Health: 0/16       AC:  2    Str:  7    XL:     1   Next: 70%
Magic:  3/3        EV: 11    Int:  7    God:
Gold:   24         SH:  0    Dex:  7    Spells: 4/4 levels left

rFire    . . .     SeeInvis .   c - +0 spear
rCold    . . .     Gourm    .   (no shield)
rNeg     . . .     Faith    .   d - +0 robe
rPois    .         Spirit   .   (no helmet)
rElec    .         Reflect  .   (no cloak)
rCorr    .         Harm     .   (no gloves)
MR       .....                  (no boots)
Stlth    +.........             (no amulet)
HPRegen  0.05/turn              (no ring)
MPRegen  0.08/turn              (no ring)

@: no status effects
A: unchanging attributes, fangs 1, strong nose
a: no special abilities


You were on level 1 of the Dungeon.
You were not hungry.

You visited 1 branch of the dungeon, and saw 1 of its levels.

You collected 24 gold pieces.

Inventory:

Hand Weapons
 c - a +0 spear (weapon)
Armour
 d - a +0 robe (worn)
Scrolls
 e - a scroll of identify {unknown}
Potions
 h - a potion of resistance {unknown}
Books
 a - a book of Necromancy
 b - the Incunabulum of Moulding

   Spells                             Type                      Level
   a - Beastly Appendage              Transmutation                1
   b - Spider Form                    Transmutation/Poison         3
Comestibles
 f - a bread ration {@e1}
 g - 2 fruits


   Skills:
 + Level 1.7 Fighting
 + Level 2.9 Armour
   Level 1.3 Shields
 + Level 2.0 Spellcasting
   Level 2.6 Necromancy
   Level 2.6 Earth Magic
   Level 1.3 Evocations


You had 4 spell levels left.
You didn't know any spells.

Dungeon Overview and Level Annotations

Branches:
Dungeon (1/15)

Altars:


Innate Abilities, Weirdness & Mutations

Your physical attributes are unchanging.
You have very sharp teeth.
Your uncanny sense of smell can sniff out nearby items.


Message History

Will you prevail where others failed? Will you find the Orb of Zot?
Found 9 gold pieces and a whip.
Found a staircase leading out of the dungeon.
Okay, then.
Okay, then.
You don't know any spells.
You don't know any spells.
Okay, then.
There is a fountain of clear blue water here.
You now have 9 gold pieces.
You open the door.
There is an open door here.
e - a scroll labeled FIET ZERYNONESSU A hobgoblin comes into view.
The hobgoblin shouts!
The hobgoblin moves out of view.
The hobgoblin is too close now for your liking.
A hobgoblin is nearby!
Attack whom?
Aim: a hobgoblin You reach to attack!
You hit the hobgoblin. You hit the hobgoblin. Your bite misses the hobgoblin.
The hobgoblin closely misses you.
You hit the hobgoblin.
You kill the hobgoblin!
No target in view!
No target in view!
You now have 14 gold pieces (gained 5).
g - 2 fruits
h - a smoky coppery potion
Found an escape hatch in the floor.
A rat comes into view.
A rat is nearby!
You hit the rat.
You kill the rat!
No target in view!
No target in view!
No target in view!
You now have 24 gold pieces (gained 10).
A giant cockroach comes into view.
A giant cockroach is nearby!
A giant cockroach is nearby!
A giant cockroach is nearby!
Attack whom?
Aim: a giant cockroach (clinging)
You reach to attack!
You hit the giant cockroach.
The giant cockroach bites you but does no damage.
You barely miss the giant cockroach. The giant cockroach bites you.
You take 1 damage, and have 14/15 hp.
You hit the giant cockroach but do no damage.
The giant cockroach bites you but does no damage.
You barely miss the giant cockroach. The giant cockroach closely misses you.
The giant cockroach completely misses you.
You completely miss the giant cockroach.
The giant cockroach misses you.
You hit the giant cockroach. The giant cockroach bites you.
You take 1 damage, and have 13/15 hp.
You hit the giant cockroach but do no damage.
The giant cockroach bites you.
You take 1 damage, and have 12/15 hp.
You hit the giant cockroach but do no damage.
The giant cockroach misses you. The giant cockroach bites you.
You take 1 damage, and have 11/15 hp.
You barely miss the giant cockroach. The giant cockroach bites you.
You take 1 damage, and have 10/15 hp.
You barely miss the giant cockroach. The giant cockroach misses you.
The giant cockroach bites you but does no damage.
You hit the giant cockroach but do no damage.
The giant cockroach closely misses you.
You hit the giant cockroach.
You kill the giant cockroach!
Your Spellcasting skill increases to level 2!
You start resting.
Health restored: 15
Found a stone staircase leading down.
A hobgoblin comes into view. It is wielding a club.
The hobgoblin shouts!
Found a hand axe.
Found a stone staircase leading down.
A hobgoblin comes into view. It is wielding a club.
The hobgoblin shouts!
You hit the hobgoblin. You bite the hobgoblin.
The hobgoblin hits you with a club.
You take 6 damage, and have 9/15 hp.
MASSIVE DAMAGE!!
You closely miss the hobgoblin. The hobgoblin completely misses you.
You barely miss the hobgoblin. The hobgoblin completely misses you.
You hit the hobgoblin. The hobgoblin closely misses you.
You hit the hobgoblin.
You kill the hobgoblin!
You closely miss the hobgoblin. The hobgoblin hits you with a club.
You take 4 damage, and have 6/16 hp.
MASSIVE DAMAGE!!
You closely miss the hobgoblin. The hobgoblin hits you with a club.
* * * LOW HITPOINT WARNING * * *
You take 2 damage, and have 4/16 hp.
You hit the hobgoblin. The hobgoblin misses you.
You closely miss the hobgoblin.
You bite the hobgoblin, but do no damage.
The hobgoblin hits you with a club.
You die...

∆ #.# ..>. .>#
#.# .... ..# #.#
... .. #.# ).g#.#
#.# #.#.. #.#
#.#.# #.#
#.#.#####.#
#...g@....#
#########.#######
..........#
###########


You could see a hobgoblin.

Vanquished Creatures
  A giant cockroach (D:1)
  2 hobgoblins (D:1)
  A rat (D:1)
4 creatures vanquished.

Notes
Turn   | Place    | Note
-------+----------+-------------------------------------------
     0 | D:1      | drasked the Gnoll Wanderer began the quest for the Orb.
     0 | D:1      | drasked set off with: a book of Necromancy, the Incunabulum of Moulding, a +0 spear, a +0 robe, a bread ration {@e1}
     0 | D:1      | Reached XP level 1. HP: 15/15 MP: 3/3
     0 | D:1      | Identified the Incunabulum of Moulding
    95 | D:1      | Reached skill level 2 in Spellcasting
   204 | D:1      | HP: 4/16 [hobgoblin/club (3)]
   206 | D:1      | Slain by a hobgoblin

Vault maps used:
D:1:      minmay_arrival_cross

Skill      XL: |  1 |
---------------+----+-----
Spellcasting   | 2 |  2.0
Fighting       | |  1.7
Armour         | |  2.9
Shields        | |  1.3
Necromancy     | |  2.6
Earth Magic    | |  2.6
Evocations     | |  1.3

Action                   || total
-------------------------++-------
Melee: Spear             ||    25
       Bite              ||     2
Armor: Robe              ||     3
Dodge: Dodged            ||    11

Vault maps used:
D:1:      minmay_arrival_cross

Table legend:
 A = Turns spent in this place as a percentage of turns spent in the entire game.
 B = Non-inter-level travel turns spent in this place as a percentage of non-inter-level travel turns spent in the entire game.
 C = Inter-level travel turns spent in this place as a percentage of turns spent in this place.
 D = Turns resting spent in this place as a percentage of non-inter-level travel turns spent in this place.
 E = Turns spent auto-exploring this place as a percentage of non-inter-level travel turns spent in this place.
 F = Non-inter-level travel turns spent in this place divided by the number of levels of this place that you've seen.
                   A       B       C       D       E      F
               +-------+-------+-------+-------+-------+----------------------
         Total | 100.0 | 100.0 |   0.0 |   2.5 |  11.2 |  80.0
       Dungeon | 100.0 | 100.0 |   0.0 |   2.5 |  11.2 |  80.0
               +-------+-------+-------+-------+-------+----------------------

Table legend:
 A = Kills in this place as a percentage of kills in entire the game.
 B = Kills by you in this place as a percentage of kills by you in the entire game.
 C = Kills by friends in this place as a percentage of kills by friends in the entire game.
 D = Other kills in this place as a percentage of other kills in the entire game.
 E = Experience gained in this place as a percentage of experience gained in the entire game.
 F = Experience gained in this place divided by the number of levels of this place that you have seen.
                   A       B       C       D       E      F
               +-------+-------+-------+-------+-------+----------------------
         Total | 100.0 | 100.0 |  -nan |  -nan | 100.0 |   7.0
       Dungeon | 100.0 | 100.0 |  -nan |  -nan | 100.0 |   7.0
               +-------+-------+-------+-------+-------+----------------------
